 Dungeon Crawl Stone Soup version 0.28-a0-461-g2dc4ca5097 (console) character file.

Game seed: 3440790248468189978

9632 nht the Impaler (level 11, -15/84 HPs)
             Began as a Merfolk Fighter on Sept 14, 2021.
             Was the Champion of Elyvilon.
             Demolished by a kobold brigand (18 damage)
             ... on level 10 of the Dungeon.
             The game lasted 00:19:56 (9868 turns).

nht the Impaler (Merfolk Fighter)                   Turns: 9868, Time: 00:19:57

Health: -15/84     AC: 11    Str: 20    XL:     11   Next: 49%
Magic:  14/15      EV: 15    Int:  8    God:    Elyvilon [******]
Gold:   632        SH:  0    Dex: 17    Spells: 10/10 levels left

rFire   . . .      SeeInvis .   o - +5 scythe {speed, eviscerate}
rCold   . . .      Faith    .   (shield currently unavailable)
rNeg    + . .      Spirit   .   b - +0 scale mail
rPois   .          Reflect  .   h - +0 helmet
rElec   .          Harm     .   j - +2 cloak
rCorr   .          Rampage  .   (no gloves)
Will    .....                   J - +0 pair of boots
Stlth   ..........              f - amulet of the Hungering Madman {RegenMP rN+ Str+4 Slay+3}
HPRegen 0.24/turn               (no ring)
MPRegen 0.39/turn               (no ring)

@: no status effects
A: (nimble swimmer 2), mertail
a: Renounce Religion, Lesser Healing, Heal Other, Purification, Greater Healing,
Divine Vigour, Divine Protection


You were on level 10 of the Dungeon.
You worshipped Elyvilon.
Elyvilon was exalted by your worship.
You visited 1 branch of the dungeon, and saw 10 of its levels.
You also visited: Ossuary.

You collected 632 gold pieces.

Inventory:

Hand Weapons
 a - a +1 trident
 o - the +5 scythe "Finisher" (weapon) {speed, eviscerate}
   (You acquired it in an ossuary)

   Attacks with this weapon are significantly faster.
   It may eviscerate those it strikes, slaying them instantly, with a decreasing
   chance against stronger foes.
Missiles
 t - 5 boomerangs of dispersal (quivered)
 C - 4 atropa-tipped darts
 H - 3 boomerangs
 I - 24 poisoned darts
 K - 5 datura-tipped darts
Armour
 b - a +0 scale mail (worn)
 c - a +1 buckler
 h - a +0 helmet (worn)
 j - a +2 cloak (worn)
 J - a +0 pair of boots (worn)
Jewellery
 f - the amulet of the Hungering Madman (around neck) {RegenMP rN+ Str+4 Slay+3}
   (You acquired it on level 4 of the Dungeon)

   [amulet of magic regeneration]

   It increases your rate of magic regeneration.
   Str:       It affects your strength (+4).
   Slay:      It affects your accuracy & damage with ranged weapons and melee
   (+3).
   rN:        It protects you from negative energy.
 G - an amulet of guardian spirit
Wands
 d - a wand of flame (4)
 g - a wand of mindburst (8)
 i - a wand of acid (16)
 B - a wand of paralysis (21)
 D - a wand of digging (6)
 F - a wand of charming (10)
Scrolls
 e - 3 scrolls of teleportation
 m - 2 scrolls of fog
 u - 3 scrolls of blinking
 w - 2 scrolls of enchant armour
 y - a scroll of torment {unknown}
 L - a scroll of silence {unknown}
Potions
 k - 5 potions of curing
 l - 4 potions of flight
 n - a potion of cancellation
 p - 2 potions of ambrosia
 q - a potion of berserk rage
 r - 3 potions of mutation
 s - 2 potions of lignification
 v - a potion of resistance {unknown}
 x - 3 potions of attraction {unknown}
 z - 4 potions of might
 A - a potion of degeneration {unknown}
 E - 3 potions of haste


   Skills:
 - Level 7.0 Fighting
 * Level 17.6 Polearms
 - Level 2.1 Armour
 - Level 10.0 Dodging
 - Level 3.0 Shields
 + Level 5.6 Invocations
 + Level 3.6 Evocations


You had 10 spell levels left.
You didn't know any spells.
Your spell library contained the following spells:

 Spells                   Type           Power      Damage    Failure   Level
 Animate Skeleton         Necr           0%         N/A       77%         1
 Beastly Appendage        Tmut           0%         N/A       77%         1
 Magic Dart               Conj           0%         1d3       77%         1
 Pain                     Necr           0%         1d4       77%         1
 Searing Ray              Conj           0%         2d4       88%         2
 Wereblood                Tmut           0%         N/A       88%         2
 Conjure Flame            Conj/Fire      0%         6-21      98%         3
 Ignite Poison            Fire/Tmut/Pois 0%         N/A       98%         3
 Spider Form              Tmut/Pois      0%         N/A       98%         3
 Vampiric Draining        Necr           0%         2d6       98%         3
 Airstrike                Air            0%         N/A       100%        4
 Fulminant Prism          Conj/Hex       0%         3d6       100%        4
 Sticky Flame             Conj/Fire      0%         2d3       100%        4
 Freezing Cloud           Conj/Ice/Air   0%         6-21      100%        5
 Maxwell's Capacitive Co  Air            0%         ∞         100%        8


Dungeon Overview and Level Annotations

Branches:
Dungeon (10/15)            Temple (0/1) D:6         Ossuary (visited)
   Lair: D:8-11         Orc: D:9-12

Altars:
Elyvilon
Fedhas
Gozag
Kikubaaqudgha
Okawaru
Uskayaw
Zin
The Shining One


Innate Abilities, Weirdness & Mutations

((You are quick and stealthy near water. (Stealth+, EV+, Speed+++)))
Your lower body shifts to a powerful aquatic tail in water.


Message History

The kobold brigand hits you with a +2 short sword of distortion.
* * * LOW HITPOINT WARNING * * *
Space warps horribly around you.
* * * LOW HITPOINT WARNING * * *
Aiming: Corrosive Bolt
Press: ? - help, Shift-Dir - straight line, f/p - MoonlitKnight's ghost
Aim: MoonlitKnight's ghost, wielding a weapon of draining (severely damaged, covered in acid, 45% to hit)
The bolt of acid hits MoonlitKnight's ghost!!
MoonlitKnight's ghost seems to be corroded for longer.
MoonlitKnight's ghost is almost destroyed.
The bolt of acid hits the kobold brigand!
The acid corrodes the kobold brigand!
You kill the kobold brigand!
MoonlitKnight's ghost hits you!
* * * LOW HITPOINT WARNING * * *
You partially resist.
You feel drained.
* * * LOW HITPOINT WARNING * * *
The kobold brigand hits you but does no damage.
Aiming: Corrosive Bolt
Press: ? - help, Shift-Dir - straight line, f/p - MoonlitKnight's ghost
Aim: MoonlitKnight's ghost, wielding a weapon of draining (almost destroyed, covered in acid, 45% to hit)
The bolt of acid hits MoonlitKnight's ghost!
MoonlitKnight's ghost seems to be corroded for longer.
You destroy MoonlitKnight's ghost!
The bolt of acid hits the kobold brigand!!
The kobold brigand is severely wounded.
The kobold brigand closely misses you.
Your life force feels restored.
You completely miss the kobold brigand.
The kobold brigand is severely wounded.
The kobold brigand closely misses you.
The kobold brigand hits you with a +2 short sword of distortion.
* * * LOW HITPOINT WARNING * * *
You are healed.
The kobold brigand hits you with a +0 whip.
* * * LOW HITPOINT WARNING * * *
The kobold brigand hits you with a +2 short sword of distortion.
* * * LOW HITPOINT WARNING * * *
Space warps horribly around you!!
You die...

█.......[............
█.[..................
█)........)..........
█..................<.
█....................
██...................█
█..█████.............█
█.██≈KK██............█
█.█.)...██...........█
██.')███..█............
█.('.K@K).█............
█..'.███..█............
█.)█.....████████████..
█).██≈⌠≈█████████████..
█...█████..........>...
█.█....................
█......................
███.█████████████████.█
█.█████████████████.█
█....................
█...............█████


You could see 2 kobold brigands.

Vanquished Creatures
  Erolcha (D:10)
  The ghost of MoonlitKnight the Spear-Bearer, a novice MfFi of Cheibriados (D:10)
  Nergalle (D:10)
  Pikel (D:4)
  Maurice (D:8)
  2 kobold demonologists (D:10)
  A troll (D:10)
  Prince Ribbit (D:6)
  Grinder (D:4)
  3 wraiths
  6 yaks (D:10)
  4 vampire mosquitoes (D:7)
  2 steam dragons
  Edmund (D:4)
  Menkaure (D:7)
  3 water moccasins
  4 orc warriors
  An ice beast (D:6)
  A sky beast (D:7)
  A necrophage (D:7)
  2 ogres
  4 centaurs
  A lemure (D:4)
  A phantom (D:5)
  6 kobold brigands (D:10)
  Blork the orc (D:6)
  2 bullfrogs
  2 water moccasin zombies (Ossuary)
  A wyvern skeleton (D:6)
  3 killer bees (D:9)
  7 wights
  3 howler monkeys (D:10)
  A centaur zombie (D:7)
  3 hounds
  An orc priest (D:9)
  Crazy Yiuf (D:2)
  A gnoll shaman (D:7)
  A bullfrog skeleton (D:5)
  2 iguanas
  4 orc wizards
  2 mummies (Ossuary)
  2 howler monkey zombies
  Robin (D:2)
  5 gnolls (D:7)
  A howler monkey skeleton (D:7)
  6 adders
  A shadow imp (D:5)
  A white imp (D:8)
  9 adder zombies (Ossuary)
  3 worms
  2 dart slugs
  20 orcs
  8 endoplasms
  3 giant cockroaches
  3 gnoll zombies (Ossuary)
  8 goblins
  9 hobgoblins
  2 jackals (D:3)
  4 kobolds
  2 quokkas
  7 ball pythons
  2 bats
  4 frilled lizards
  9 hobgoblin zombies (Ossuary)
  2 kobold zombies (Ossuary)
  5 orc zombies (Ossuary)
  3 rats
208 creatures vanquished.

Vanquished Creatures (others)
  59 fungi
  A plant (D:3)
60 creatures vanquished.

Grand Total: 268 creatures vanquished

Notes
Turn   | Place    | Note
-------+----------+-------------------------------------------
     0 | D:1      | nht the Merfolk Fighter began the quest for the Orb.
     0 | D:1      | Reached XP level 1. HP: 18/18 MP: 1/1
   117 | D:1      | Found a faded altar of an unknown god.
   121 | D:1      | Became a worshipper of Elyvilon the Healer
   121 | D:1      | Reached * piety under Elyvilon
   259 | D:1      | Reached skill level 1 in Dodging
   276 | D:1      | Reached XP level 2. HP: 24/24 MP: 2/2
   712 | D:2      | Found a runed translucent door.
   713 | D:2      | Noticed Crazy Yiuf
   809 | D:2      | Noticed Robin
   822 | D:2      | Reached XP level 3. HP: 28/30 MP: 3/3
   838 | D:2      | Killed Robin
   839 | D:2      | Reached skill level 4 in Polearms
  1090 | D:2      | Reached XP level 4. HP: 37/37 MP: 4/4
  1099 | D:2      | Reached ** piety under Elyvilon
  1543 | D:2      | Killed Crazy Yiuf
  1680 | D:3      | Noticed a centaur
  1688 | D:3      | Reached XP level 5. HP: 41/43 MP: 5/5
  1848 | D:3      | Reached skill level 5 in Polearms
  2130 | D:3      | Found an opulent altar of Gozag.
  2182 | D:3      | Reached *** piety under Elyvilon
  2313 | D:3      | Killed a centaur
  2314 | D:3      | Reached XP level 6. HP: 39/50 MP: 6/6
  2626 | D:4      | Noticed a +0 dagger
  2626 | D:4      | Noticed a +0 dagger
  2626 | D:4      | Found a hide-covered altar of Uskayaw.
  2694 | D:4      | Found an ancient bone altar of Kikubaaqudgha.
  2704 | D:4      | Identified a scroll of acquirement
  2704 | D:4      | Acquired the amulet of the Hungering Madman {RegenMP rN+
                  | Str+4 Slay+3}
  2749 | D:4      | Noticed Edmund
  2767 | D:4      | Noticed Grinder
  2776 | D:4      | Killed Edmund
  2777 | D:4      | Reached skill level 5 in Fighting
  2777 | D:4      | Reached skill level 6 in Polearms
  2905 | D:4      | Found a sand-covered staircase.
  2919 | Ossuary  | Entered an ossuary
  2988 | Ossuary  | Reached skill level 5 in Dodging
  3034 | Ossuary  | Reached XP level 7. HP: 55/56 MP: 7/7
  3127 | Ossuary  | Acquired the +5 scythe "Finisher" {speed, eviscerate}
  3127 | Ossuary  | Found the +5 scythe "Finisher" {speed, eviscerate}
  3135 | Ossuary  | this weapon is trash right?
  3135 | Ossuary  | lets see what eviscerate does
  3464 | D:4      | Noticed Pikel
  3470 | D:4      | Killed Pikel
  3471 | D:4      | Reached skill level 8 in Polearms
  3471 | D:4      | Reached XP level 8. HP: 48/65 MP: 8/8
  3556 | D:4      | Reached **** piety under Elyvilon
  3696 | D:4      | Found an iron altar of Okawaru.
  3752 | D:4      | Paralysed by Grinder for 7 turns
  3760 | D:4      | Killed Grinder
  3956 | D:5      | Entered Level 5 of the Dungeon
  3985 | D:5      | Reached skill level 9 in Polearms
  4193 | D:5      | Found a glowing golden altar of the Shining One.
  4193 | D:5      | Found a white marble altar of Elyvilon.
  4193 | D:5      | Found a glowing silver altar of Zin.
  4454 | D:6      | Noticed Blork the orc
  4532 | D:6      | Noticed Prince Ribbit
  4539 | D:6      | Reached skill level 10 in Polearms
  4539 | D:6      | Reached XP level 9. HP: 62/72 MP: 9/9
  4541 | D:6      | Killed Prince Ribbit
  4818 | D:6      | Reached skill level 11 in Polearms
  4848 | D:6      | Reached ***** piety under Elyvilon
  4932 | D:6      | Found a staircase to the Ecumenical Temple.
  5139 | D:6      | Killed Blork the orc
  5644 | D:7      | Reached skill level 10 in Dodging
  5649 | D:7      | Reached skill level 12 in Polearms
  5697 | D:7      | Reached skill level 13 in Polearms
  5980 | D:7      | Reached XP level 10. HP: 70/79 MP: 10/10
  6086 | D:7      | Noticed Menkaure
  6093 | D:7      | Killed Menkaure
  6094 | D:7      | Reached skill level 14 in Polearms
  6511 | D:7      | Got the Guide on Air
  6741 | D:7      | Found a blossoming altar of Fedhas.
  7051 | D:8      | Noticed Maurice
  7063 | D:8      | Killed Maurice
  7074 | D:8      | Reached skill level 15 in Polearms
  8261 | D:9      | Reached skill level 1 in Invocations
  8997 | D:10     | Entered Level 10 of the Dungeon
  8999 | D:10     | Noticed Nergalle
  9007 | D:10     | Killed Nergalle
  9008 | D:10     | Reached skill level 16 in Polearms
  9069 | D:10     | Reached skill level 1 in Evocations
  9264 | D:10     | Found a runed translucent gate.
  9265 | D:10     | Found a runed translucent gate.
  9265 | D:10     | Noticed a kobold demonologist
  9265 | D:10     | Noticed MoonlitKnight's ghost (novice MfFi)
  9266 | D:10     | Found a runed translucent gate.
  9278 | D:10     | Identified the +3 scale mail "Nadiagaph" {rC+ Dex+3}
  9280 | D:10     | Noticed a kobold demonologist
  9286 | D:10     | Noticed Erolcha
  9289 | D:10     | Killed Erolcha
  9290 | D:10     | Reached XP level 11. HP: 84/84 MP: 14/14
  9439 | D:10     | Reached skill level 17 in Polearms
  9457 | D:10     | Reached skill level 5 in Invocations
  9582 | D:10     | Reached ****** piety under Elyvilon
  9866 | D:10     | Killed MoonlitKnight's ghost
  9867 | D:10     | HP: 2/84 [kobold brigand (3)]
  9868 | D:10     | Demolished by a kobold brigand

Illustrated notes █...█ █...█ █'███ █'███ █...█ █...█ █...█ █...█ █...█ █...█ █...█ █...█ ███'█ █'███

█...█ █...█
█...██████████████...█
█...█...█....█...█...█
█...'.@.'.(..█.∩.'...█
█...█...█....█...█..∩█


██████████████████████ Turn 3135 on Ossuary: this weapon is trash right?

Levels and vault maps discovered:
D:1:      dpeg_arrival_rooms_a, layout_loops_ring, ebering_ecumenical_altar_box,
          chequers_serial_rivers_room_b
D:2:      layout_loops_ring, kennysheep_flooded_box, uniq_robin,
          uniq_crazy_yiuf_cottage
D:3:      layout_loops_corners, nicolae_gozag_cash_rules_everything_around_me,
          minmay_misc_feat_diagonals, hangedman_decor_diamond_cutter,
          serial_bayou_pond_b, minmay_pentomino_pile
D:4:      layout_basic, dancing_weapons_uskayaw,
          mainiacjoe_overflow_catch_the_wave, nicolae_ossuary_entry_monument,
          st_stairs_11, minmay_parallelograms, uniq_edmund, uniq_grinder,
          uniq_pikel
D:5:      layout_rooms, good_gods_mini_temple
D:6:      layout_basic, minmay_temple_entry_slanted, uniq_blork_the_orc,
          uniq_prince_ribbit1
D:7:      layout_loops_cross, fedhas_altar_4, moated_statue, uniq_menkaure
D:8:      layout_layer_cave, uniq_maurice
D:9:      layout_rooms
D:10:     layout_long_grid, gammafunk_ghost_nasty_kobolds,
          minmay_misc_feat_square, uniq_erolcha, uniq_nergalle

Skill      XL: |  1  2  3  4  5  6  7  8  9 10 11 |
---------------+----------------------------------+-----
Dodging        | 1 2 3 4 5 6 8 10 | 10.0
Polearms       | 4 5 6 8 10 13 16 17 | 17.6
Fighting       | 4 5 6 7 |  7.0
Invocations    | 4 5 |  5.6
Evocations     | 2 3 |  3.6
Armour         | |  2.1
Shields        | |  3.0

Action                   |  1- 3 |  4- 6 |  7- 9 | 10-12 || total
-------------------------+-------+-------+-------+-------++-------
Melee: Trident           |    64 |   203 |    43 |       ||   310
       Tailslap          |       |     1 |       |       ||     1
       Scythe            |       |       |   105 |   171 ||   276
Invok: Lesser Healing    |       |       |       |     2 ||     2
Evoke: Wand              |       |       |     7 |    16 ||    23
  Use: Scroll            |     2 |     9 |     5 |       ||    16
       Potion            |     2 |     2 |       |       ||     4
 Stab: Invisible         |       |     1 |       |       ||     1
Armor: Scale mail        |    12 |    60 |    26 |    30 ||   128
       Skin              |    18 |       |       |       ||    18
Dodge: Dodged            |    18 |    89 |    56 |    87 ||   250
Block: Buckler           |    12 |    42 |     6 |       ||    60

Table legend: (Time is in decaauts)
 A = Elapsed time spent in this place.
 B = Non-inter-level travel time spent in this place.
 C = Inter-level travel time spent in this place.
 D = Time resting spent in this place.
 E = Time spent auto-exploring this place.
 F = Levels seen in this place.
 G = Mean time per level.
                   A        B        C        D        E       F      G
               +--------+--------+--------+--------+--------+-----+--------+
         Total |   9842 |   9493 |    349 |    144 |   7968 |  11 |  894.7 |
       Dungeon |   9626 |   9277 |    349 |    144 |   7937 |  10 |  962.6 |
       Ossuary |    216 |    216 |      0 |      0 |     31 |   1 |  216.0 |
               +--------+--------+--------+--------+--------+-----+--------+

Top non-repeatable levels by time:
     D:7: 1382 daAuts
     D:8: 1372 daAuts
     D:6: 1177 daAuts
     D:4: 1116 daAuts
     D:3: 1027 daAuts
     D:2: 987 daAuts
    D:10: 851 daAuts
     D:1: 620 daAuts
     D:9: 599 daAuts
     D:5: 490 daAuts
 Ossuary: 216 daAuts
